 Dungeon Crawl Stone Soup version 0.18-a0-1677-g2bdad6c (webtiles) character file.

10388 Chiseanne the Fighter (level 11, -4/90 HPs)
             Began as a Demonspawn Wanderer on Apr 2, 2016.
             Was an Initiate of Gozag.
             Slain by a minotaur
             ... wielding an uncursed staff of air
              (5 damage)
             ... in a labyrinth.
             The game lasted 01:02:04 (17449 turns).

Chiseanne the Fighter (Demonspawn Wanderer)        Turns: 17449, Time: 01:02:04

Health: -4/90      AC:  8    Str: 13    XL:     11   Next: 35%
Magic:  0/15       EV: 17    Int: 16    God:    Gozag
Gold:   239        SH:  0    Dex: 13    Spells: 1 memorised, 8 levels left

rFire  + . .     SeeInvis +     s - +3 great sword (elec)
rCold  + + .     Gourm    .     a - +0 leather armour of Baadiny {rElec rF+ rC+ rCorr}
rNeg   + . .     Faith    .     (shield currently unavailable)
rPois  .         Spirit   +     (helmet unavailable)
rElec  +         Dismiss  .     R - +0 cloak {MR+}
rCorr  +         Reflect  .     S - +0 pair of gloves
SustAt .         Harm     .     (no boots)
MR     +....                    J - amulet of guardian spirit
Stlth  ++........               O - ring of positive energy
                                f - ring of protection from cold

@: somewhat resistant to hostile enchantments, unstealthy
A: antennae 3, icy blue scales 1, powered by pain 1, spiny 1
a: Potion Petition, Call Merchant, Bribe Branch, Renounce Religion


You were in a labyrinth.
You worshipped Gozag.
Gozag was noncommittal.
You were not hungry.

You visited 3 branches of the dungeon, and saw 13 of its levels.
You also visited: Labyrinth.

You collected 2087 gold pieces.
You spent 1008 gold pieces at shops.
You paid 840 gold pieces to Gozag.

Inventory:

Hand Weapons
 e - a +2 shortbow of flaming
 s - a +3 great sword of electrocution (weapon)
 w - a +0 blowgun
Missiles
 c - 66 poisoned needles
 h - 3 silver tomahawks (quivered)
 n - a throwing net
 r - 23 tomahawks
 y - 176 arrows
 D - 14 arrows of dispersal
 K - 18 arrows of frost
Armour
 a - the +0 leather armour of Baadiny (worn) {rElec rF+ rC+ rCorr}
   (You found it in a labyrinth)

   It protects you from fire.
   It protects you from cold.
   It insulates you from electricity.
   It protects you from acid and corrosion.
 R - a +0 cloak of magic resistance (worn)
 S - a +0 pair of gloves (worn)
Rods
 k - a +0 rod of inaccuracy (1/10)
   (You took it off a crimson imp on level 7 of the Dungeon)
Jewellery
 f - a ring of protection from cold (left hand)
 J - an amulet of guardian spirit (around neck)
 O - a ring of positive energy (right hand)
Wands
 L - a wand of enslavement (13/24)
 N - a wand of iceblast (0/15)
Scrolls
 i - 5 scrolls of immolation
 l - 3 scrolls of magic mapping
 q - 2 scrolls of teleportation
 B - 4 scrolls of amnesia
 C - 2 scrolls of fog
 F - 3 scrolls of remove curse
 G - 5 scrolls of blinking
 X - a scroll of identify
 Z - a scroll of recharging
Potions
 b - 6 potions of curing
 m - 2 potions of cure mutation
 o - a potion of haste
 p - 3 potions of brilliance
 t - a potion of heal wounds
 z - 3 potions of resistance
 A - a potion of flight
 U - a potion of ambrosia
Books
 u - a book of Alchemy

   Spells                             Type                      Level
   a - Sublimation of Blood           Necromancy                   2
   b - Ignite Poison                  Fire/Transmutation/Poison    3
   c - Petrify                        Transmutation/Earth          4
   d - Alistair's Intoxication        Transmutation/Poison         5
   e - Irradiate                      Conjuration/Transmutation    5
 E - a book of Battle

   Spells                             Type                      Level
   a - Infusion                       Charms                       1
   b - Shroud of Golubria             Charms/Translocation         2
   c - Song of Slaying                Charms                       2
   d - Spectral Weapon                Hexes/Charms                 3
   e - Regeneration                   Charms/Necromancy            3
 Y - a book of Summonings

   Spells                             Type                      Level
   a - Recall                         Summoning/Translocation      3
   b - Aura of Abjuration             Summoning                    5
   c - Summon Demon                   Summoning                    5
   d - Summon Forest                  Summoning/Translocation      5
   e - Summon Mana Viper              Hexes/Summoning              5
   f - Shadow Creatures               Summoning                    6
Miscellaneous
 P - a fan of gales
Comestibles
 g - 5 bread rations
 j - 9 meat rations


   Skills:
 * Level 9.7 Fighting
   Level 1.7 Polearms
 - Level 1.0 Throwing
 - Level 8.9 Armour
 * Level 9.6 Dodging
 - Level 2.6 Stealth
 * Level 0.0 Spellcasting
 - Level 6.0 Evocations


You had 8 spell levels left.
You knew the following spells:

 Your Spells              Type           Power        Failure   Level  Hunger
a - Shroud of Golubria    Chrm/Tloc      #.........   47%         2    ###....


Dungeon Overview and Level Annotations

Branches:
Dungeon (11/15)            Temple (1/1) D:5            Lair (1/8) D:9
    Orc (0/2) D:9

Altars:
Ashenzari
Cheibriados
Dithmenos
Elyvilon
Fedhas
Gozag
Kikubaaqudgha
Makhleb
Nemelex Xobeh
Okawaru
Pakellas
Qazlal
Ru
Sif Muna
Trog
Vehumet
Xom
Yredelemnul
Zin
The Shining One

Shops:
D:4 ?   D:8 [   D:10 (


Innate Abilities, Weirdness & Mutations

You have a pair of large antennae on your head (SInv).
You are partially covered in icy blue scales (AC +1).
You sometimes gain a little power by taking damage.
You are partially covered in sharp spines.


Message History

You focus on the pain.
You feel your power returning.
You are electrocuted!
The minotaur gores you but does no damage.
You see here 8 stones.
You barely miss the minotaur.
The minotaur is almost dead.
The minotaur looks more healthy.
The minotaur is struck by your spines.
The minotaur hits you with a staff of air!!
* * * LOW HITPOINT WARNING * * *
You focus on the pain.
You feel your power returning.
You are electrocuted!
The minotaur gores you!
* * * LOW HITPOINT WARNING * * *
The minotaur barely misses you. The minotaur gores you!
* * * LOW HITPOINT WARNING * * *
Drink which item? (? for menu, Esc to quit)
You feel much better. The minotaur is struck by your spines.
The minotaur hits you with a staff of air!!
* * * LOW HITPOINT WARNING * * *
You focus on the pain.
You feel your power returning. The minotaur gores you!
You die...
Your body crumbles into a pile of gold.

#########(#
#.....H...#
#@### # #.#
..# #...#.
#.###.# #..
#. #.#.#.#
## #.#.#.
.. ... # #
.## ##
###### . .


You could see a minotaur.

Vanquished Creatures
  Josephine (D:10)
  Erolcha (D:9)
  Erica (D:10)
  An unseen horror (D:11)
  A cyclops (D:9)
  Grum (D:8)
  A two-headed ogre (D:10)
  A troll (D:10)
  A human (D:8)
  3 wraiths (D:10)
  A yak (D:9)
  2 hogs (D:8)
  A hungry ghost (D:10)
  3 hippogriffs
  2 wargs
  A soldier ant (D:11)
  5 sky beasts
  5 ice beasts
  2 killer bees
  3 ogres
  A necrophage (D:6)
  4 orc warriors
  2 phantoms
  4 centaurs
  A crocodile (D:10)
  4 giant frogs
  A scorpion (D:4)
  5 howler monkeys (D:8)
  A wight (D:6)
  2 jellies
  6 crimson imps
  3 hounds
  4 lava snakes (Lab)
  2 giant frog skeletons
  15 orc wizards
  9 orc priests
  2 centaur skeletons
  6 gnolls
  3 iguanas
  3 worker ants
  A hell rat (D:8)
  2 sheep (D:8)
  A hound zombie (D:8)
  2 hound skeletons (D:4)
  A worker ant zombie (D:6)
  16 adders
  5 river rats (D:8)
  2 shadow imps (D:7)
  2 oozes
  3 adder skeletons
  2 adder zombies (D:5)
  3 worms
  2 dart slugs
  4 giant geckos
  38 orcs
  3 giant cockroaches
  7 goblins
  2 hobgoblins (D:1)
  18 jackals
  4 quokkas
  3 ball pythons
  6 bats
  6 giant newts
  A jackal zombie (D:5)
  4 kobolds
  A quokka skeleton (D:6)
  19 rats
273 creatures vanquished.

Vanquished Creatures (collateral kills)
  2 wolves (D:8)
  A killer bee (D:8)
  A howler monkey (D:7)
  A gnoll (D:8)
  A river rat (D:8)
  A giant gecko skeleton (D:7)
  7 rats (D:8)
14 creatures vanquished.

Vanquished Creatures (others)
  An orc warrior (D:8)
  An ogre (D:7)
  An iguana (D:7)
  A scorpion (D:8)
  A worker ant (D:7)
  3 killer bees (D:8)
  A howler monkey (D:8)
  A centaur skeleton (D:7)
  An adder (D:8)
11 creatures vanquished.

Grand Total: 298 creatures vanquished

Notes
Turn   | Place    | Note
--------------------------------------------------------------
     0 | D:1      | Chiseanne the Demonspawn Wanderer began the quest for the Orb.
     0 | D:1      | Chiseanne set off with: a +2 spear, a potion of curing, 12 poisoned needles, a +0 blowgun, a +0 robe, a +0 dagger, a bread ration
     0 | D:1      | Reached XP level 1. HP: 15/15 MP: 1/1
   383 | D:1      | Gained mutation: You sometimes gain a little power by taking damage. [demonic ancestry]
   383 | D:1      | Reached XP level 2. HP: 22/22 MP: 2/2
  1134 | D:2      | Found a faded altar to an unknown god.
  1212 | D:2      | Reached XP level 3. HP: 16/27 MP: 3/3
  1621 | D:2      | Found a burning altar of Makhleb.
  1819 | D:3      | Reached skill level 1 in Armour
  2233 | D:3      | Reached XP level 4. HP: 33/34 MP: 4/4
  2273 | D:3      | Found a basalt altar of Yredelemnul.
  2273 | D:3      | Found a shadowy altar of Dithmenos.
  2743 | D:4      | Found Rismopn's Magic Scroll Shoppe.
  2752 | D:4      | Gained mutation: You are partially covered in icy blue scales (AC +1). [demonic ancestry]
  2752 | D:4      | Reached XP level 5. HP: 25/40 MP: 5/5
  2768 | D:4      | Bought a scroll of fog for 24 gold pieces
  2768 | D:4      | Bought a scroll of random uselessness for 12 gold pieces
  3358 | D:4      | Found an ancient bone altar of Kikubaaqudgha.
  3608 | D:4      | Gained mutation: You have a pair of small antennae on your head. [demonic ancestry]
  3608 | D:4      | Reached XP level 6. HP: 7/47 MP: 6/6
  4467 | D:5      | Entered Level 5 of the Dungeon
  4589 | D:5      | Found a staircase to the Ecumenical Temple.
  4606 | Temple   | Entered the Ecumenical Temple
  5106 | D:5      | Noticed a hungry ghost
  5246 | D:6      | Reached skill level 5 in Dodging
  5246 | D:6      | Gained mutation: You have a pair of antennae on your head. [demonic ancestry]
  5246 | D:6      | Reached XP level 7. HP: 16/54 MP: 7/7
  5981 | D:6      | Found a sparkling altar of Nemelex Xobeh.
  6026 | D:6      | Reached skill level 1 in Evocations
  6687 | D:7      | Found an oddly glowing altar of Pakellas.
  7238 | D:5      | Reached skill level 5 in Fighting
  7238 | D:5      | Reached XP level 8. HP: 45/62 MP: 9/9
  7646 | D:5      | Found a blossoming altar of Fedhas.
  7646 | D:5      | Found an opulent altar of Gozag.
  7646 | D:5      | Found a sparkling altar of Nemelex Xobeh.
  7658 | D:5      | Became a worshipper of Gozag Ym Sagoz the Greedy
  7707 | D:4      | Bought a scroll of vulnerability for 90 gold pieces
  7707 | D:4      | Bought a scroll of identify for 24 gold pieces
  7707 | D:4      | Bought a scroll of identify for 24 gold pieces
  7707 | D:4      | Bought a scroll of identify for 24 gold pieces
  8217 | D:7      | Reached skill level 5 in Armour
  8597 | D:7      | Identified a +0 rod of inaccuracy (4/10) (You took it off a crimson imp on level 7 of the Dungeon)
 10199 | D:7      | Gained mutation: You have a pair of large antennae on your head (SInv). [demonic ancestry]
 10199 | D:7      | Reached XP level 9. HP: 58/69 MP: 9/11
 10435 | D:4      | Bought a scroll of remove curse for 36 gold pieces
 10435 | D:4      | Bought a scroll of identify for 24 gold pieces
 10435 | D:4      | Bought a scroll of blinking for 90 gold pieces
 10435 | D:4      | Bought a scroll of immolation for 42 gold pieces
 10435 | D:4      | Bought 3 scrolls of immolation for 126 gold pieces
 10854 | D:8      | Reached skill level 5 in Evocations
 11506 | D:8      | Noticed Grum
 11566 | D:8      | Killed Grum
 11868 | D:8      | Reached XP level 10. HP: 64/79 MP: 14/14
 13478 | D:9      | Found a staircase to the Lair.
 13496 | D:9      | Noticed a cyclops
 13510 | Lair:1   | Entered Level 1 of the Lair of Beasts
 13624 | D:9      | Noticed Erolcha
 13637 | D:9      | Killed Erolcha
 13679 | D:9      | Noticed an eight-headed hydra
 13996 | D:9      | Found a staircase to the Orcish Mines.
 14173 | D:9      | Found a large runed door.
 14173 | D:9      | Found a large runed door.
 14273 | D:8      | Bought a +0 cloak of magic resistance for 172 gold pieces
 14354 | D:9      | Killed a cyclops
 14782 | D:9      | Noticed a fire giant
 14804 | D:10     | Entered Level 10 of the Dungeon
 15071 | D:10     | Found Haesch's Antique Weapon Boutique.
 15297 | D:10     | Noticed Erica
 15314 | D:10     | Killed Erica
 15389 | D:10     | Gained mutation: You are partially covered in sharp spines. [demonic ancestry]
 15389 | D:10     | Reached XP level 11. HP: 49/89 MP: 7/15
 15393 | D:10     | Noticed Josephine
 15408 | D:10     | Killed Josephine
 16362 | D:10     | Bought a runed trident for 112 gold pieces
 16371 | D:10     | Bought a runed great sword for 208 gold pieces
 16535 | D:11     | Found a labyrinth entrance.
 16535 | D:11     | Noticed an unseen horror
 16540 | D:11     | Killed an unseen horror
 16589 | Lab      | Entered a labyrinth
 17335 | Lab      | Got a slimy leather armour
 17359 | Lab      | Identified the +0 leather armour of Baadiny {rElec rF+ rC+ rCorr} (You found it in a labyrinth)
 17362 | Lab      | Learned a level 2 spell: Shroud of Golubria
 17433 | Lab      | Noticed a minotaur
 17448 | Lab      | HP: 3/90 [minotaur/staff of air (6)]
 17449 | Lab      | HP: 1/90 [minotaur/staff of air (22)]
 17449 | Lab      | Slain by a minotaur

Vault maps used:
D:1:      roderic_chinese_lattice_arrival, st_stairs_12
D:2:      nicolae_overflow_hidden_temple, ecumenical_altar_1
D:3:      gammafunk_temple_overflow_elements
D:4:      kiku_gazebo_pond_becter, portal_sewer_entry_d, serial_shops,
          nicolae_shop_statue_plus
D:5:      gammafunk_temple_overflow_forgotten, minmay_temple_entry_glassed_door,
          first_bread, serial_bayou, serial_bayou_pond_b, serial_bayou_pond_e,
          serial_bayou_lake_a, serial_bayou_ford_a
D:6:      serial_park, nemelex_xobeh_ov_fountains_minmay
D:7:      kennysheep_mini
D:8:      lemuel_ratsnest, grunt_livestock, kennysheep_generic_room_8, uniq_grum
D:9:      erik_lair_orcish_takeover, hangedman_decor_clover_reticule,
          jmf_multi_god_temple2, uniq_erolcha
D:10:     serial_shops, kennysheep_mini_moat, corexii_checkpoint_a,
          uniq_josephine, uniq_erica
D:11:     lab_entry_generic
Temple:   eino_narrow_crystal_temple_a_12
Lair:1:   grunt_megastairs_4
Lab:      labyrinth_mini_lab, lab_hedge, nicolae_lab_swirl,
          nicolae_lab_dead_end, labyrinth_lava_lair, nicolae_lab_stuck

Skill      XL: |  1  2  3  4  5  6  7  8  9 10 |
---------------+-------------------------------+-----
Dodging        | 3 4 5 6 7 9 |  9.6
Fighting       | 2 3 4 5 6 7 9 |  9.7
Armour         | 1 2 3 4 5 6 8 |  8.9
Evocations     | 2 3 5 6 |  6.0
Polearms       | |  1.7
Throwing       | |  1.0
Stealth        | |  2.6

Action                   |  1- 3 |  4- 6 |  7- 9 | 10-12 || total
-------------------------+-------+-------+-------+-------++-------
Melee: Spear             |   124 |   244 |       |       ||   368
       Short sword       |       |    20 |   688 |   110 ||   818
       Dagger            |       |       |       |   171 ||   171
       Scimitar          |       |       |       |    60 ||    60
       Great sword       |       |       |       |    24 ||    24
 Fire: Shortbow          |       |     5 |    43 |    13 ||    61
       Blowgun           |       |       |       |    13 ||    13
Throw: Tomahawk          |       |     6 |     1 |       ||     7
Invok: Call Merchant     |       |       |       |     1 ||     1
Evoke: Wand              |       |       |    18 |     8 ||    26
       Rod               |       |       |     3 |    11 ||    14
  Use: Scroll            |    11 |     5 |    13 |     5 ||    34
       Potion            |       |     1 |     3 |     7 ||    11
 Stab: Sleeping          |     5 |     1 |       |       ||     6
       Distracted        |       |       |     3 |       ||     3
  Eat: Chunk             |     4 |    10 |     7 |       ||    21
       Pizza             |       |       |     5 |     5 ||    10
       Beef jerky        |       |       |     4 |       ||     4
       Fruit             |       |       |     2 |     2 ||     4
       Bread ration      |       |       |     1 |     3 ||     4
